 Dungeon Crawl Stone Soup version 0.21-a0-344-g2144152 (webtiles) character file.

16 Amnesiac the Digger (level 2, 0/20 HPs)
             Began as a Gnoll Earth Elementalist on Oct 4, 2017.
             Slain by a quokka (5 damage)
             ... on level 4 of the Dungeon.
             The game lasted 00:01:26 (571 turns).

Amnesiac the Digger (Gnoll Earth Elementalist)       Turns: 571, Time: 00:01:26

Health: 0/20       AC:  2    Str: 10    XL:     2   Next: 58%
Magic:  7/7        EV: 14    Int: 17    God:
Gold:   26         SH:  0    Dex: 15    Spells: 7/10 levels left

rFire    . . .     SeeInvis .   a - -1 dagger (curse)
rCold    . . .     Gourm    .   (no shield)
rNeg     . . .     Faith    .   c - +0 robe
rPois    .         Spirit   .   (no helmet)
rElec    .         Reflect  .   (no cloak)
rCorr    .         Harm     .   (no gloves)
MR       .....                  (no boots)
Stlth    +++.......             (no amulet)
HPRegen  0.06/turn              (no ring)
MPRegen  0.10/turn              (no ring)

@: no status effects
A: distributed training, fangs 1, strong nose
a: no special abilities


You were on level 4 of the Dungeon.
You were not hungry.

You visited 1 branch of the dungeon, and saw 4 of its levels.

You collected 26 gold pieces.

Inventory:

Hand Weapons
 a - a cursed -1 dagger (weapon)
Missiles
 b - 52 stones (quivered)
Armour
 c - a +0 robe (worn)
Jewellery
 m - an uncursed amulet of rage {unknown}
Scrolls
 h - a scroll of amnesia {!r, unknown}
 k - a scroll of remove curse {!r, unknown}
 l - a scroll of magic mapping {!r, unknown}
Potions
 g - a potion of magic {!q, unknown}
 i - a potion of haste {!q, unknown}
 j - a potion of cancellation {!q, unknown}
Books
 e - a book of Geomancy

   Spells                             Type                      Level
   a - Sandblast                      Earth                        1
   b - Passwall                       Transmutation/Earth          2
   c - Stone Arrow                    Conjuration/Earth            3
   d - Petrify                        Transmutation/Earth          4
   e - Lee's Rapid Deconstruction     Earth                        5
Comestibles
 d - a bread ration
 f - 2 chunks of flesh


   Skills:
 + Level 0.4 Fighting
 + Level 0.4 Short Blades
 + Level 0.4 Long Blades
 + Level 0.4 Axes
 + Level 0.4 Maces & Flails
 + Level 0.4 Polearms
 + Level 0.4 Staves
 + Level 0.4 Slings
 + Level 0.4 Bows
 + Level 0.4 Crossbows
 + Level 0.4 Throwing
 + Level 0.4 Armour
 + Level 4.5 Dodging
 + Level 4.1 Stealth
 + Level 0.4 Shields
 + Level 0.4 Unarmed Combat
 + Level 4.9 Spellcasting
 + Level 0.4 Conjurations
 + Level 0.4 Hexes
 + Level 0.4 Charms
 + Level 0.4 Summonings
 + Level 0.4 Necromancy
 + Level 0.4 Translocations
 + Level 2.5 Transmutations
 + Level 0.4 Fire Magic
 + Level 0.4 Ice Magic
 + Level 0.4 Air Magic
 + Level 6.5 Earth Magic
 + Level 0.4 Poison Magic
 + Level 0.4 Invocations
 + Level 0.4 Evocations


You had 7 spell levels left.
You knew the following spells:

 Your Spells              Type           Power        Failure   Level  Hunger
a - Sandblast             Erth           ####..       1%          1    None
b - Passwall              Tmut/Erth      ###.......   3%          2    #......


Dungeon Overview and Level Annotations

Branches:
Dungeon (4/15)
 Temple: D:4-7

Altars:


Innate Abilities, Weirdness & Mutations

Your experience applies equally to all skills.
You have very sharp teeth.
Your uncanny sense of smell can sniff out nearby items.


Message History

You see here a jackal corpse.
You closely miss the leopard gecko.
The leopard gecko completely misses you.
You hit the leopard gecko.
The leopard gecko is heavily wounded.
The leopard gecko bites you but does no damage.
You closely miss the leopard gecko.
The leopard gecko is heavily wounded.
The leopard gecko closely misses you. The leopard gecko bites you.
You hit the leopard gecko.
The leopard gecko is almost dead.
The leopard gecko closely misses you.
You hit the leopard gecko.
You kill the leopard gecko!
You miss the quokka. The quokka barely misses you.
You barely miss the quokka. The quokka barely misses you. x2
You hit the quokka but do no damage. The quokka barely misses you.
You hit the quokka but do no damage. The quokka bites you.
You hit the quokka but do no damage. The quokka bites you.
You hit the quokka.
The quokka is moderately wounded.
The quokka completely misses you.
You barely miss the quokka.
The quokka is moderately wounded.
The quokka bites you but does no damage.
You barely miss the quokka.
The quokka is moderately wounded.
The quokka completely misses you. The quokka barely misses you.
You hit the quokka but do no damage.
The quokka is moderately wounded.
The quokka completely misses you.
You closely miss the quokka.
The quokka is moderately wounded.
The quokka closely misses you.
You hit the quokka.
The quokka is severely wounded.
The quokka bites you.
You barely miss the quokka.
The quokka is severely wounded.
The quokka misses you.
You closely miss the quokka.
The quokka is severely wounded.
The quokka bites you.
You barely miss the quokka.
The quokka is severely wounded.
The quokka closely misses you. x2
You closely miss the quokka.
The quokka is severely wounded.
The quokka closely misses you.
You closely miss the quokka.
The quokka is severely wounded.
The quokka bites you.
You closely miss the quokka.
The quokka is severely wounded.
The quokka bites you.
* * * LOW HITPOINT WARNING * * *
You barely miss the quokka.
The quokka is severely wounded.
The quokka bites you.
* * * LOW HITPOINT WARNING * * *
You hit the quokka.
The quokka is almost dead.
The quokka bites you.
You die...

∆ .
∆##########.. #
.).........
....###.....####
#....†<@......#
#..###r....##.#
......##
.......##
.......###
...##.## ... #.
#. #.


You could see a quokka.

Vanquished Creatures
  A dart slug (D:1)
  A leopard gecko (D:4)
  2 giant cockroaches (D:1)
  A goblin (D:2)
  A hobgoblin (D:2)
  2 jackals (D:4)
  2 kobolds
  3 rats (D:1)
13 creatures vanquished.

Notes
Turn   | Place    | Note
-------+----------+-------------------------------------------
     0 | D:1      | Amnesiac the Gnoll Earth Elementalist began the quest for the Orb.
     0 | D:1      | Reached XP level 1. HP: 13/13 MP: 6/6
   285 | D:1      | Reached XP level 2. HP: 19/19 MP: 7/7
   376 | D:1      | Learned a level 2 spell: Passwall
   571 | D:4      | Slain by a quokka

Vault maps used:
D:1:      ncdulo_lavacross
D:2:      cheibrodos_old_hovel, first_bread, minmay_curled_crystal,
          minmay_misc_feat_rows, nicolae_gozag_seed_capital
D:3:      evilmike_ruin_ashenzari
D:4:      grunt_decor_mini_mirrors

Action                   || total
-------------------------++-------
Melee: Unarmed           ||     5
       Dagger            ||    43
       Bite              ||     4
 Cast: Sandblast         ||     6
       Passwall          ||     1
 Stab: Sleeping          ||     4
Armor: Robe              ||     5
Dodge: Dodged            ||    33

Table legend:
 A = Spawn XP
 B = Non-spawn XP
 C = Spawn XP percentage of total XP
 D = Spawn monster count
 E = Non-spawn monster count
 F = Spawn count percentage of total count
 G = Total turns spent on level
                    A         B        C        D         E        F      G
               +---------+---------+-------+---------+---------+-------+---------
         Total |       0 |      24 |   0.0 |       0 |      13 |   0.0 |   571
               +---------+---------+-------+---------+---------+-------+---------
           D:1 |       0 |      12 |   0.0 |       0 |       7 |   0.0 |   412
           D:2 |       0 |       5 |   0.0 |       0 |       3 |   0.0 |    73
           D:4 |       0 |       7 |   0.0 |       0 |       3 |   0.0 |    27
               +---------+---------+-------+---------+---------+-------+---------
